 Dungeon Crawl Stone Soup version 0.29.1-12-g30fa7ad0bf (webtiles) character file.

Game seed: 901434179316002748

1583322 concernfroge the Slayer (level 26, 224/224 HPs)
             Began as a Mummy Monk on Dec 25, 2022.
             Was an Elder of Okawaru.
             Escaped with the Orb
             ... and 3 runes on Dec 26, 2022!
             The game lasted 08:35:41 (78348 turns).

concernfroge the Slayer (Mummy Monk)               Turns: 78348, Time: 08:35:41

Health: 224/224    AC: 16    Str: 15    XL:     26   Next: 60%
Magic:  48/48      EV: 32    Int: 18    God:    Okawaru [****..]
Gold:   3457       SH: 12    Dex: 29    Spells: 19/49 levels left

rFire   + + +      SeeInvis +   n - +9 hand crossbow (vorpal)
rCold   + + .      Faith    .   J - +3 warlock's mirror {reflect}
rNeg    + + +      Spirit   .   t - +4 ring mail "Okac" {Rampage rF++}
rPois   ∞          Reflect  +   r - -2 hat of the Alchemist {rElec rPois rF+ rC+ rN+ Will+ rMut rCorr}
rElec   +          Harm     .   K - scarf {repulsion}
rCorr   +          Rampage  +   i - +2 pair of gloves {hurl}
rMut    +                       A - +2 pair of boots "Lelou" {rF+ Int+6}
Will    ++++.                   D - amulet of regeneration
Stlth   ++........              m - ring "Qoechyats" {rCorr MP+9 SInv}
HPRegen 1.27/turn               O - +6 ring of dexterity
MPRegen 0.31/turn

@: finesse-ful, studying Long Blades, repel missiles
A: cold resistance 1, negative energy resistance 3, torment resistance 2, heat
vulnerability 1, in touch with death 2, no potions
0: Orb of Zot
}: 3/15 runes: barnacled, slimy, gossamer
a: Renounce Religion, Heroism, Finesse


You escaped.
You worshipped Okawaru.
Okawaru was greatly pleased with you.
You visited 12 branches of the dungeon, and saw 54 of its levels.
You also visited: Trove, Gauntlet, Ice Cave and Wizlab.

You collected 8858 gold pieces.
You spent 5401 gold pieces at shops.

Inventory:

Hand Weapons
 b - the +5 hand crossbow of the Desert {venom, rPois rCorr Int+4 Dex+3}
   (Okawaru gifted it to you on level 12 of the Dungeon)

   Any ammunition fired from it poisons the flesh of those it strikes.
   Int:       It affects your intelligence (+4).
   Dex:       It affects your dexterity (+3).
   rPois:     It protects you from poison.
   rCorr:     It protects you from acid and corrosion.
 n - a +9 vorpal hand crossbow (weapon)
Missiles
 g - 3 boomerangs of dispersal
 q - 10 throwing nets
 u - 3 silver boomerangs
 E - 10 curare-tipped darts
 P - 16 silver javelins
Armour
 i - a +2 pair of gloves of hurling (worn)
 r - the -2 hat of the Alchemist (worn) {rElec rPois rF+ rC+ rN+ Will+ rMut rCorr}
   (You found it on level 5 of the Pits of Slime)

   rF:        It protects you from fire.
   rC:        It protects you from cold.
   rElec:     It insulates you from electricity.
   rPois:     It protects you from poison.
   rN:        It protects you from negative energy.
   rCorr:     It protects you from acid and corrosion.
   rMut:      It protects you from mutation.
   Will:      It increases your willpower.
 t - the +4 ring mail "Okac" (worn) {Rampage rF++}
   (You bought it in a shop on level 4 of the Vaults)

   rF:        It greatly protects you from fire.
   Rampage:   It bestows one free step when moving towards enemies.
 A - the +2 pair of boots "Lelou" (worn) {rF+ Int+6}
   (You found it on level 2 of the Depths)

   Int:       It affects your intelligence (+6).
   rF:        It protects you from fire.
 J - the +3 warlock's mirror (worn) {reflect}
   (You found it in a treasure trove)

   It can block and reflect piercing ranged attacks and magical attacks against
   the wielder's willpower.
 K - a scarf of repulsion (worn)
Jewellery
 c - the dreamshard necklace {*Dream Drain}
   (You found it on level 3 of the Depths)

   [amulet of nothing]

   It shatters if its wearer takes lethal or near-lethal damage, preventing the
   blow and releasing protective dreams that heal and fight for the wearer.
   Drain:     It drains your maximum health when unequipped.
 m - the ring "Qoechyats" (left hand) {rCorr MP+9 SInv}
   (You took it off a deep elf blademaster on level 3 of the Elven Halls)

   [ring of see invisible]

   MP:        It affects your magic capacity (+9).
   SInv:      It lets you see invisible.
   rCorr:     It protects you from acid and corrosion.
 C - the ring of Wariness {Fly rPois rF+ rN+ Will+}
   (You found it on level 5 of the Pits of Slime)

   [ring of flight]

   rF:        It protects you from fire.
   rPois:     It protects you from poison.
   rN:        It protects you from negative energy.
   Fly:       It grants you flight.
   Will:      It increases your willpower.
 D - an amulet of regeneration (around neck)
 O - a +6 ring of dexterity (right hand)
 R - an amulet of the acrobat
Wands
 e - a wand of roots (26)
 h - a wand of flame (126)
 w - a wand of light (34)
 F - a wand of mindburst (42)
 G - a wand of digging (6)
 H - a wand of paralysis (65)
 L - a wand of polymorph (28)
Scrolls
 d - 9 scrolls of amnesia
 f - 6 scrolls of vulnerability
 j - 6 scrolls of silence
 l - 2 scrolls of blinking
 o - a scroll of teleportation
 s - 7 scrolls of noise
 x - a scroll of poison
 y - 14 scrolls of fear
 I - 2 scrolls of brand weapon
 M - 5 scrolls of torment
 S - 5 scrolls of immolation
 W - 3 scrolls of enchant armour
Miscellaneous
 v - a tin of tremorstones (2/2)
 z - a phial of floods
 Q - a condenser vane


   Skills:
 - Level 22.0 Fighting
 - Level 2.4 Long Blades
 - Level 18.0 Ranged Weapons
 - Level 2.0 Throwing
 - Level 12.0 Armour
 + Level 21.9 Dodging
 - Level 8.0 Stealth
 - Level 13.3 Shields
 - Level 12.0 Spellcasting
 - Level 12.0 Necromancy
 - Level 10.0 Translocations
 - Level 10.0 Earth Magic
 - Level 12.0 Invocations


You had 19 spell levels left.
You knew the following spells:

 Your Spells              Type           Power      Damage    Failure   Level
a - Blink                 Tloc           92%        N/A       1%          2
b - Portal Projectile     Hex/Tloc       56%        N/A       4%          3
c - Yara's Violent Unrav  Hex/Tmut       5%         3d4       98%         5
d - Borgnjor's Vile Clut  Necr/Erth      42%        N/A       3%          5
e - Lee's Rapid Deconstr  Erth           23%        3d14*     5%          5
f - Passwall              Tmut/Erth      23%        N/A       2%          2
g - Dispel Undead         Necr           88%        3d28      1%          4
h - Passage of Golubria   Tloc           46%        N/A       1%          4

Your spell library contained the following spells:

 Spells                   Type           Power      Damage    Failure   Level
 Necrotise                Necr           100%       1d9       1%          1
 Sandblast                Erth           92%        2d19      1%          1
 Gell's Gravitas          Tloc           46%        N/A       1%          3
 Lesser Beckoning         Tloc           46%        N/A       1%          3
 Teleport Other           Tloc           46%        N/A       1%          3
 Vampiric Draining        Necr           88%        2d12      1%          3
 Agony                    Necr           88%        N/A       2%          5
 Stone Arrow              Conj/Erth      56%        3d10      4%          3
 Manifold Assault         Tloc           46%        N/A       5%          5
 Anguish                  Hex/Necr       32%        N/A       11%         4
 Foxfire                  Conj/Fire      40%        2x1d6     12%         1
 Magic Dart               Conj           40%        1d5       12%         1
 Shock                    Conj/Air       40%        1d5       12%         1
 Sting                    Tmut/Pois      40%        1d5       12%         1
 Iskenderun's Mystic Bla  Conj/Tloc      28%        2d7       16%         4
 Leda's Liquefaction      Hex/Erth       14%        N/A       16%         4
 Ensorcelled Hibernation  Hex/Ice        20%        N/A       19%         2
 Poisonous Vapours        Pois/Air       20%        N/A       19%         2
 Scorch                   Fire           20%        2d6       19%         2
 Searing Ray              Conj           20%        2d5       19%         2
 Static Discharge         Conj/Air       10%        3-5/arc   19%         2
 Corpse Rot               Necr/Pois/Air  54%        N/A       24%         4
 Confusing Touch          Hex            10%        N/A       36%         3
 Conjure Flame            Conj/Fire      10%        6-21      36%         3
 Ignite Poison            Fire/Tmut/Pois 10%        N/A       36%         3
 Inner Flame              Hex/Fire       10%        N/A       36%         3
 Mephitic Cloud           Conj/Pois/Air  10%        N/A       36%         3
 Ozocubu's Armour         Ice            10%        N/A       36%         3
 Swiftness                Air            10%        N/A       36%         3
 Airstrike                Air            5%         2d(1-17)  77%         4
 Cause Fear               Hex            5%         N/A       77%         4
 Flame Wave               Conj/Fire      10%        2d6       77%         4
 Fulminant Prism          Conj/Hex       5%         3d7       77%         4
 Olgreb's Toxic Radiance  Pois           10%        N/A       77%         4
 Sticky Flame             Conj/Fire      10%        2d3       77%         4
 Iron Shot                Conj/Erth      14%        9d4       94%         6
 Fireball                 Conj/Fire      5%         3d5       98%         5
 Iskenderun's Battlesphe  Conj           10%        2d6       98%         5
 Lightning Bolt           Conj/Air       5%         1d17      98%         5
 Metabolic Englaciation   Hex/Ice        5%         N/A       98%         5
 Conjure Ball Lightning   Conj/Air       5%         3x3d6     100%        6
 Starburst                Conj/Fire      5%         6d4       100%        6
 Enfeeble                 Hex            5%         N/A       100%        7
 Discord                  Hex            5%         N/A       100%        8
 Disjunction              Tloc           23%        N/A       100%        8
 Ignition                 Fire           5%         3d4       100%        8
 Lehudib's Crystal Spear  Conj/Erth      14%        10d5      100%        8
 Maxwell's Capacitive Co  Air            5%         ∞         100%        8
 Chain Lightning          Conj/Air       5%         3d6       100%        9
 Fire Storm               Conj/Fire      5%         8d1       100%        9
 Shatter                  Erth           23%        3d20*     100%        9
 Sublimation of Blood     Necr           Unusable   N/A       N/A         2
 Animate Dead             Necr           Unusable   N/A       N/A         4
 Death Channel            Necr           Unusable   N/A       N/A         6
 Animate Armour           Summ/Erth      Unusable   N/A       N/A         4
 Tukima's Dance           Hex            Unusable   N/A       N/A         3
 Simulacrum               Ice/Necr       Unusable   N/A       N/A         6
 Statue Form              Tmut/Erth      Unusable   N/A       N/A         6
 Blade Hands              Tmut           Unusable   N/A       N/A         5
 Summon Cactus Giant      Summ           Unusable   N/A       N/A         6
 Dragon Form              Tmut           Unusable   N/A       N/A         7
 Haunt                    Necr/Summ      Unusable   N/A       N/A         7
 Spellforged Servitor     Conj/Summ      Unusable   N/A       N/A         7
 Storm Form               Tmut/Air       Unusable   N/A       N/A         7
 Dragon's Call            Summ           Unusable   N/A       N/A         9

Dungeon Overview and Level Annotations

Branches:
Dungeon (15/15)            Temple (1/1) D:6            Lair (5/5) D:8
 Shoals (4/4) Lair:2       Spider (4/4) Lair:3        Slime (5/5) Lair:5
    Orc (2/2) D:10            Elf (3/3) Orc:2        Vaults (4/5) D:14
  Crypt (2/3) Vaults:2     Depths (4/4) D:15            Zot (5/5) Depths:4
  IceCv (visited)          WizLab (visited)         Gauntlet (visited)

Altars:
Ashenzari
Cheibriados
Dithmenos
Fedhas
Gozag
Hepliaklqana
Kikubaaqudgha
Makhleb
Nemelex Xobeh
Okawaru
Qazlal
Ru
Sif Muna
Trog
Uskayaw
Vehumet
Wu Jian
Xom
Yredelemnul
Jiyva
Lugonu

Shops:
D:12 (   D:14 :   Orc:2 **=[*   Elf:2 ?   Shoals:1 *[   Shoals:4 (   Vaults:2 *
Vaults:3 :   Vaults:4 ([![   Depths:4 =:=

Portals:
Hell: Depths:1 Depths:2 Depths:3 Depths:4
Abyss: Lair:5 Depths:3
Pandemonium: Depths:2 Depths:4
Ziggurat: Depths:2

Annotations:
D:3 exclusion: 2 downstairs
D:5 exclusion: upstairs
Shoals:1 Roxanne
Slime:2 exclusion: downstairs
Slime:3 exclusions: downstairs and upstairs
Crypt:1 exclusion: 3 downstairs
Crypt:2 Khufu; Mennas
Depths:1 exclusion: downstairs
Zot:1 exclusion: downstairs
Zot:3 exclusion: door


Innate Abilities, Weirdness & Mutations

You are immune to poison.
Your flesh is cold resistant. (rC+)
You are immune to negative energy. (rN+++)
You are immune to unholy pain and torment.
You are vulnerable to heat. (rF-)
You are strongly in touch with the powers of death.
You do not drink.


Message History

(V) Vaults (C) Crypt (U) Depths (H) Hell (Z) Zot
Where to? (Enter - D:1, ? - help)
Okay, then.
A seraph comes into view.
It is wielding a +3 great sword of flaming.
An angel comes into view. It is wielding a +3 whip of holy wrath.
The seraph moves out of view.
An orange demon comes into view.
A cacodemon comes into view.
The orange demon screeches!
The cacodemon gestures at you.
Your +3 warlock's mirror {reflect} reflects the Malmutate!
The cacodemon twists and deforms.
Aiming: Dig
Press: ? - help, Shift-Dir - straight line You can't see that place. [the floor.]
The rock shatters into small pieces.
The cacodemon gestures next to the orange demon.
Some rock shatters into small pieces.
You hear a grinding noise.
A golden eye comes into view.
The golden eye moves out of view.
You hear a grinding noise.
Blink to where?
Press: ? - help, Dir - move target
As you read the scroll of blinking, it crumbles to dust.
You hear a grinding noise.
You hear a grinding noise.
You can now deal lightning-fast blows.
You hear a grinding noise.
You hear a grinding noise.
You hear a grinding noise.
An angel is nearby!
You hear a grinding noise.
You hear a grinding noise.
Blink to where?
Press: ? - help, Dir - move target
As you read the scroll of blinking, it crumbles to dust.
You have escaped!

#.........###..#.#.###.##.
#.........# #..#.#...#.##.
#..#####.§# #..#.#.#.#.##.
#..# #.A###..#.#.#.#.##.
#..# #.......#.#.....###
#..# #.......#.###.###
#..# #.......#.....# #..#
#...##..#######
#..#####.@.##..#
#..............#
#..............#
#..............#
################


You could see an angel.

Vanquished Creatures
  the Royal Jelly (Slime:5)
  A dread lich (Zot:5)
  5 orbs of fire
  6 ancient liches
  A juggernaut (Depths:4)
  Mara (Vaults:4)
  Margery (Vaults:4)
  The ghost of Gucom the Epochal, a veteran GnFi of Cheibriados (Depths:2)
  The ghost of Nide the Unseen, a veteran KoEE of Wu Jian (Depths:2)
  7 Killer Klowns (Zot:5)
  Frederick (Vaults:4)
  2 caustic shrikes
  12 golden dragons
  The ghost of Soshruimn the Dealer of Despair, an adept MeEE of Kikubaaqudgha (Zot:4)
  Arachne (Spider:4)
  Nikola (Shoals:1)
  A bone dragon (Zot:1)
  2 doom hounds (Zot:1)
  4 electric golems
  2 Tzitzimimeh
  6 liches
  Jorgrun (Elf:2)
  17 tentacled monstrosities
  26 Orb Guardians
  A walking crystal tome (Depths:4)
  Asterion (Spider:3)
  Grunn (Zot:1)
  2 deep elf blademasters
  A titan (Depths:3)
  5 quicksilver dragons
  19 acid blobs
  8 death cobs
  Gastronok (Lair:1)
  2 ancient champions
  Polyphemus (Shoals:2)
  Donald (Shoals:2)
  2 draconian monks
  3 shadow dragons
  5 sphinxes
  16 storm dragons
  13 rockslimes
  A tengu reaver (D:14)
  3 draconian knights
  2 nagarajas (WizLab)
  2 revenants (Crypt:1)
  4 emperor scorpions (Spider:4)
  16 azure jellies
  2 orc warlords
  9 deep elf sorcerers
  9 fire giants
  12 frost giants
  3 iron dragons
  7 draconian scorchers
  9 vault wardens
  13 draconian shifters
  14 ghost moths
  13 ironbound preservers
  Louise (Shoals:1)
  A ghost moth (shapeshifter) (Depths:3)
  A caustic shrike zombie (Depths:2)
  A curse skull (Crypt:1)
  7 ghouls (Crypt:1)
  19 very ugly things
  7 deep elf elementalists (Elf:3)
  2 draconian stormcallers (Zot:5)
  6 ironbound thunderhulks
  Aizul (D:15)
  3 demonspawn corrupters
  5 draconian annihilators
  2 spriggan defenders (Depths:3)
  3 broodmothers
  15 stone giants
  7 vampire knights
  11 green draconians
  9 quicksilver oozes
  A caustic shrike skeleton (Depths:3)
  4 deep elf demonologists
  6 deep elf annihilators
  7 dire elephants
  9 black draconians
  13 entropy weavers
  9 red draconians
  10 spark wasps
  13 white draconians
  8 yellow draconians
  The ghost of Deerom the Destroyer, a journeyman DgHW (D:14)
  A minotaur (Gauntlet)
  4 purple draconians
  7 deep elf death magi
  12 merfolk impalers
  16 ettins
  2 merfolk javelineers
  10 deep elf high priests
  A fenstrider witch zombie (Crypt:1)
  7 fire dragons
  7 jiangshi
  2 yaktaur captains
  5 rakshasas
  13 great orbs of eyes
  21 vault guards
  2 caustic shrike simulacra (Depths:1)
  8 ice dragons
  4 spriggan air magi
  9 hydras
  A ghost crab (Gauntlet)
  2 ogre magi
  4 catoblepae
  9 boulder beetles
  A radroach (shapeshifter) (Elf:2)
  A spriggan skeleton (Crypt:1)
  5 jorogumos
  A quicksilver dragon skeleton (Crypt:1)
  2 anacondas (Lair:3)
  2 radroaches (Spider:4)
  14 ironbound frosthearts
  13 two-headed ogres
  Erica (D:10)
  20 centaur warriors
  31 dancing weapons
  4 merfolk avatars
  6 merfolk aquamancers
  3 alligator snapping turtles
  6 tengu warriors
  An alligator (Lair:3)
  A satyr (shapeshifter) (Depths:3)
  33 death yaks
  3 deep troll earth magi
  2 death knights (Crypt:1)
  4 deep troll shamans
  4 spriggan berserkers
  A titan zombie (Depths:1)
  2 satyrs
  The ghost of hawla the Frost Mage, a novice MeIE of Vehumet (D:8)
  4 vampire magi
  An orc high priest (Elf:2)
  A sun demon (Depths:2)
  24 hell knights
  2 thrashing horrors (Lair:5)
  18 deep elf knights
  A shadow wraith (Crypt:1)
  5 sun moths
  A titan skeleton (Crypt:1)
  7 skeletal warriors
  10 steelbarb worms
  2 iron trolls (Depths:4)
  42 deep trolls
  8 sea snakes
  6 pharaoh ants
  A spriggan druid (WizLab)
  A goliath frog (shapeshifter) (Depths:3)
  An orb spider (shapeshifter) (Vaults:3)
  11 lindwurms
  2 flayed ghosts
  A bog body (Crypt:1)
  7 orb spiders
  2 deep elf archers (Elf:3)
  20 harpies
  8 glowing orange brains
  18 necromancers
  14 ironbound convokers
  A tengu zombie (Depths:1)
  11 orc knights
  8 phantasmal warriors
  18 wizards
  An orc sorcerer (Elf:1)
  26 deep elf pyromancers
  A lindwurm (shapeshifter) (Zot:1)
  3 shining eyes
  21 manticores
  31 ugly things
  10 fauns (Shoals:2)
  An oklob plant (Gauntlet)
  20 deep elf zephyrmancers
  25 moths of wrath
  7 worldbinders (WizLab)
  11 cyclopes
  26 wolf spiders
  11 elephants
  A moth of wrath (shapeshifter) (Lair:5)
  A guardian serpent (shapeshifter) (D:15)
  A frost giant skeleton (Depths:1)
  9 water nymphs
  An ice statue (IceCv)
  9 merfolk sirens
  Maurice (D:9)
  2 black mambas (Lair:1)
  A human skeleton (Vaults:2)
  2 stone giant skeletons
  9 vault sentinels
  A smoke demon (Lair:5)
  A dire elephant zombie (Crypt:1)
  An orange demon (Depths:4)
  12 cane toads
  The ghost of croobank the Conjurer, a novice DsCj (D:6)
  A shock serpent skeleton (Crypt:1)
  7 torpor snails
  A yaktaur zombie (Vaults:1)
  Psyche (D:10)
  2 centaur skeletons (Crypt:1)
  9 demonic crawlers
  An unseen horror (D:12)
  A human zombie (Vaults:1)
  2 tormentors (Zot:1)
  A yaktaur skeleton (Vaults:2)
  7 tengu conjurers
  6 rime drakes
  14 komodo dragons
  2 freezing wraiths
  7 yaktaurs
  An efreet (D:14)
  An ancient zyme (Lair:5)
  10 trolls
  A komodo dragon (shapeshifter) (D:13)
  4 meliai
  20 polar bears
  43 merfolk
  3 wind drakes
  A meliai (shapeshifter) (Depths:4)
  22 tarantellas
  A harpy skeleton (Crypt:1)
  3 human simulacra
  4 spriggan zombies
  24 blink frogs
  A death drake skeleton (Crypt:1)
  A blink frog (shapeshifter) (Lair:5)
  An iron dragon simulacrum (Depths:1)
  93 slime creatures
  6 snapping turtles
  9 dream sheep
  10 flying skulls (Crypt:1)
  3 spriggans
  22 jumping spiders
  7 water elementals
  An ettin skeleton (Depths:1)
  4 vampires
  7 wraiths
  17 culicivoras
  10 small abominations (Lair:5)
  2 wyverns
  85 yaks
  3 fire elementals
  An elf simulacrum (Vaults:2)
  3 steam dragons
  A neqoxec (Depths:2)
  A ynoxinul (Lair:5)
  5 basilisks
  A catoblepas simulacrum (Crypt:1)
  A golden eye (Slime:5)
  49 redbacks
  2 chaos spawn (Lair:5)
  4 large abominations (Lair:5)
  2 vampire mosquitoes (D:10)
  A swamp worm (shapeshifter) (Elf:2)
  A harpy simulacrum (Crypt:1)
  5 wargs
  An ogre zombie (Vaults:2)
  5 acid dragons
  2 floating eyes
  A naga zombie (Crypt:1)
  12 water moccasins
  3 floating eyes (shapeshifter)
  A tengu skeleton (Depths:1)
  2 sky beasts (D:6)
  4 black bears
  7 ice beasts
  30 orc warriors
  A naga skeleton (Crypt:1)
  9 boggarts
  A wolf (shapeshifter) (Vaults:1)
  16 ogres
  35 centaurs
  26 wolves
  3 phantoms
  2 kobold brigands
  14 bullfrogs
  An elf skeleton (Crypt:1)
  2 earth elementals (Elf:2)
  A gnoll sergeant (D:8)
  3 necrophages
  2 scorpions
  5 wights (D:8)
  2 hornet simulacra (D:9)
  A raiju skeleton (Crypt:1)
  12 howler monkeys
  7 electric eels
  2 jellies
  14 orc priests
  2 hounds (D:4)
  A basilisk skeleton (Crypt:1)
  3 iguanas
  17 orc wizards
  9 hell rats
  3 centaur simulacra (D:9)
  2 mummies (Crypt:1)
  14 adders
  9 gnolls
  5 river rats (D:5)
  3 shadow imps
  5 white imps
  A howler monkey simulacrum (D:9)
  3 ufetubi
  10 worms
  3 dart slugs
  104 orcs
  10 ball pythons
  6 endoplasms
  4 goblins
  6 hobgoblins
  4 jackals (D:3)
  4 quokkas
  3 training dummies (Shoals:4)
  6 bats
  4 frilled lizards
  A goblin skeleton (Crypt:1)
  21 kobolds
  10 rats
2356 creatures vanquished.

Vanquished Creatures (others)
  A vampire mage (Depths:3)
  2 deep elf knights (Elf:3)
  A bush (Shoals:1)
  32 fungi
  164 plants
  A withered plant (Gauntlet)
201 creatures vanquished.

Grand Total: 2557 creatures vanquished

Notes
Turn   | Place    | Note
-------+----------+-------------------------------------------
     0 | D:1      | concernfroge the Mummy Monk began the quest for the Orb.
     0 | D:1      | Reached XP level 1. HP: 18/18 MP: 1/1
   548 | D:1      | Reached XP level 2. HP: 22/24 MP: 2/2
   615 | D:1      | Reached skill level 1 in Throwing
  1314 | D:2      | Gained mutation: You are in touch with the powers of death.
                  | [Mummy growth]
  1314 | D:2      | Reached XP level 3. HP: 29/29 MP: 3/3
  1357 | D:2      | Found a faded altar of an unknown god.
  1723 | D:2      | Reached skill level 4 in Fighting
  1847 | D:2      | Reached XP level 4. HP: 37/37 MP: 4/4
  1847 | D:2      | Found a shadowy altar of Dithmenos.
  2606 | D:3      | Reached skill level 5 in Fighting
  2646 | D:3      | Found an iron altar of Okawaru.
  2660 | D:3      | Became a worshipper of Warmaster Okawaru
  2660 | D:3      | Reached * piety under Okawaru
  2660 | D:3      | Reached ** piety under Okawaru
  2670 | D:3      | Reached XP level 5. HP: 40/44 MP: 5/5
  2918 | D:4      | Noticed a phantom
  2936 | D:4      | Killed a phantom
  2937 | D:4      | Reached skill level 1 in Invocations
  3006 | D:3      | Reached skill level 1 in Ranged Weapons
  3253 | D:4      | Noticed a centaur
  3431 | D:4      | Reached XP level 6. HP: 51/51 MP: 5/7
  3991 | D:4      | Learned a level 2 spell: Blink
  4026 | D:4      | Learned a level 3 spell: Portal Projectile
  4346 | D:4      | Reached XP level 7. HP: 57/57 MP: 5/8
  4380 | D:4      | Got Kapicriss's Atlas of Combative Rime
  4498 | D:5      | Entered Level 5 of the Dungeon
  4837 | D:5      | Got the Tractate on the Assistive Volcanoes
  5001 | D:5      | Found a bloodstained altar of Trog.
  5087 | D:5      | Reached *** piety under Okawaru
  5551 | D:5      | Reached skill level 5 in Ranged Weapons
  5898 | D:6      | Reached XP level 8. HP: 41/64 MP: 9/9
  6597 | D:6      | Reached skill level 6 in Fighting
  6770 | D:6      | Found a runed translucent door.
  6891 | D:6      | Found a runed translucent door.
  6893 | D:6      | Noticed croobank's ghost (novice DsCj)
  7229 | D:6      | Found a staircase to the Ecumenical Temple.
  7244 | D:6      | Reached **** piety under Okawaru
  7245 | D:6      | Reached skill level 7 in Fighting
  7250 | Temple   | Entered the Ecumenical Temple
  8053 | D:7      | Found a transporter.
  8374 | D:7      | Reached XP level 9. HP: 72/72 MP: 10/10
  8433 | D:7      | Noticed a two-headed ogre
  8719 | D:8      | Found a staircase to the Lair.
  8720 | D:8      | Noticed a komodo dragon
  8755 | D:8      | Reached ***** piety under Okawaru
  8783 | D:8      | Noticed a two-headed ogre
  8865 | D:8      | Reached skill level 8 in Fighting
  9211 | D:8      | Found a runed translucent door.
  9212 | D:8      | Noticed a polar bear
  9213 | D:8      | Identified the +6 trident "Selat" {vorpal, Int+6}
  9219 | D:8      | Noticed hawla's ghost (novice MeIE)
  9315 | D:8      | Reached skill level 5 in Invocations
  9737 | D:8      | Reached XP level 10. HP: 82/82 MP: 13/13
  9752 | D:8      | Identified the +1 robe of Protective Custody {rC++ rN+
                  | Int+2 Slay+2} (Okawaru gifted it to you on level 8 of the
                  | Dungeon)
  9752 | D:8      | Received a gift from Okawaru
 10161 | D:9      | Reached skill level 1 in Spellcasting
 10299 | D:8      | Reached skill level 1 in Translocations
 12345 | D:9      | Reached XP level 11. HP: 87/87 MP: 10/17
 12492 | D:9      | Received a gift from Okawaru
 12649 | D:10     | Entered Level 10 of the Dungeon
 12658 | D:10     | Noticed a brown ugly thing
 12661 | D:10     | Killed a brown ugly thing
 12662 | D:10     | Reached skill level 9 in Fighting
 12663 | D:10     | Noticed a two-headed ogre
 12668 | D:10     | Killed a two-headed ogre
 12695 | D:10     | Noticed Erica
 12702 | D:10     | Killed Erica
 12789 | D:10     | Found a staircase to the Orcish Mines.
 12796 | D:10     | Noticed Psyche
 12812 | D:10     | Killed Psyche
 12958 | D:10     | Noticed a two-headed ogre
 12962 | D:10     | Killed a two-headed ogre
 12963 | D:10     | Reached skill level 5 in Spellcasting
 13122 | D:10     | Found a portal to a secret trove of treasure.
 13241 | D:10     | Reached skill level 10 in Ranged Weapons
 13776 | D:11     | Noticed a boulder beetle
 13802 | D:11     | Killed a boulder beetle
 13802 | D:11     | Received a gift from Okawaru
 14445 | D:11     | Noticed a skeletal warrior
 14447 | D:11     | Noticed a skeletal warrior
 14592 | Lair:1   | Entered Level 1 of the Lair of Beasts
 14663 | Lair:1   | Noticed Gastronok
 14959 | Lair:1   | Identified the +8 falchion "Z" {drain, rN++ Will- Int+3}
 14971 | Lair:1   | Killed Gastronok
 14972 | Lair:1   | Reached skill level 10 in Fighting
 15245 | Lair:1   | Received a gift from Okawaru
 15382 | Lair:1   | Reached XP level 12. HP: 97/97 MP: 12/20
 16572 | Lair:2   | Reached skill level 5 in Dodging
 16585 | Lair:2   | Received a gift from Okawaru
 16839 | Lair:2   | Found a staircase to the Shoals.
 17221 | Lair:2   | Found a transporter.
 17223 | Lair:2   | Found a transporter.
 17223 | Lair:2   | Noticed a boulder beetle
 17223 | Lair:2   | Noticed a boulder beetle
 17326 | Lair:2   | Noticed a six-headed hydra
 17331 | Lair:2   | Killed a six-headed hydra
 17609 | Lair:3   | Received a gift from Okawaru
 17762 | Lair:3   | Noticed a death yak
 17798 | Lair:3   | Noticed a death yak
 17798 | Lair:3   | Noticed a death yak
 17798 | Lair:3   | Noticed a death yak
 17806 | Lair:3   | Killed a death yak
 17806 | Lair:3   | Noticed a death yak
 17952 | Lair:3   | Gained mutation: You are strongly in touch with the powers
                  | of death. [Mummy growth]
 17952 | Lair:3   | Reached XP level 13. HP: 71/104 MP: 21/21
 18293 | Lair:3   | Identified the +0 leather armour of Sloth {rElec rC+++
                  | Str+3 Int-4}
 18306 | Lair:3   | Reached skill level 10 in Invocations
 18330 | Lair:3   | Found a hole to the Spider Nest.
 18474 | Lair:3   | Reached skill level 11 in Fighting
 18487 | Lair:3   | Reached ****** piety under Okawaru
 18505 | Lair:3   | Received a gift from Okawaru
 19589 | Lair:4   | Found a gate leading to a gauntlet.
 19607 | Gauntlet | Entered a Gauntlet
 19607 | Gauntlet | Found a transporter.
 19607 | Gauntlet | Found a transporter.
 19622 | Gauntlet | Found a transporter.
 19637 | Gauntlet | Found a transporter.
 19637 | Gauntlet | Found a transporter.
 19639 | Gauntlet | Found a transporter.
 19639 | Gauntlet | Found a transporter.
 19642 | Gauntlet | Noticed a green death
 19651 | Gauntlet | Found a transporter.
 19667 | Gauntlet | Found a transporter.
 19667 | Gauntlet | Noticed a minotaur
 19677 | Gauntlet | Found a transporter.
 19683 | Gauntlet | Found a transporter.
 19711 | Gauntlet | Found a transporter.
 19718 | Gauntlet | Found a transporter.
 19721 | Gauntlet | Found a runed translucent gate.
 19721 | Gauntlet | Found a runed translucent gate.
 19721 | Gauntlet | Found a runed translucent gate.
 19730 | Gauntlet | Found a transporter.
 19784 | Gauntlet | Identified a scroll of acquirement
 19819 | Gauntlet | Identified the ring "Tedyrch" {rPois Dex+3}
 19876 | Gauntlet | Identified the ring of the Philosopher {*Corrode rElec rC+
                  | SInv}
 19892 | Gauntlet | Killed a minotaur
 20094 | Lair:4   | Identified the +1 longbow "Impslayer" {freeze, Fragile
                  | rPois SInv} (Okawaru gifted it to you on level 4 of the
                  | Lair of Beasts)
 20094 | Lair:4   | Received a gift from Okawaru
 20298 | Lair:4   | Reached skill level 12 in Fighting
 20661 | Lair:4   | Reached XP level 14. HP: 115/115 MP: 22/22
 20880 | Lair:5   | Entered Level 5 of the Lair of Beasts
 21049 | Lair:5   | Found a viscous altar of Jiyva.
 21049 | Lair:5   | Found a staircase to the Slime Pits.
 21075 | Lair:5   | Received a gift from Okawaru
 21236 | Arena    | Entered the Arena
 21265 | Lair:5   | Reached skill level 1 in Shields
 21704 | Lair:5   | Received a gift from Okawaru
 21825 | Lair:5   | Found a corrupted altar of Lugonu.
 21825 | Lair:5   | Found a one-way gate to the infinite horrors of the Abyss.
 22631 | D:10     | You paid a toll of 2 scrolls of acquirement to enter a
                  | treasure trove
 22632 | Trove    | Entered a treasure trove
 22635 | Trove    | Found the +3 warlock's mirror {reflect}
 22637 | Trove    | Identified the +1 pair of boots of the Mind {Drain rF- rC+
                  | Str+9}
 22638 | Trove    | Identified the +3 leather armour of the Catamount {-Cast
                  | Fly rElec rF+}
 22658 | Trove    | Identified the +1 chain mail of Mupenott {Harm Str+6
                  | Stlth-}
 23058 | D:12     | Reached XP level 15. HP: 102/120 MP: 24/24
 23410 | D:12     | Identified the +5 hand crossbow of the Desert {venom, rPois
                  | rCorr Int+4 Dex+3} (Okawaru gifted it to you on level 12 of
                  | the Dungeon)
 23410 | D:12     | Received a gift from Okawaru
 23730 | D:12     | Found Gokeist's Weapon Shop.
 24529 | D:13     | Identified the +3 halberd of Isozxam {spect, rN+++ Dex+2}
 24630 | D:13     | Reached skill level 5 in Shields
 25215 | D:14     | Found a runed translucent door.
 25221 | D:14     | Noticed a tengu reaver
 25222 | D:14     | Found a runed translucent door.
 25223 | D:14     | Noticed a storm dragon
 25225 | D:14     | Noticed a lich
 25410 | D:14     | Identified the +7 morningstar "Limp" {vorpal, rF++}
                  | (Okawaru gifted it to you on level 14 of the Dungeon)
 25410 | D:14     | Received a gift from Okawaru
 25609 | D:14     | Found Ytukh's Vocational Training.
 25803 | D:14     | Reached skill level 10 in Dodging
 25864 | D:14     | Reached skill level 5 in Translocations
 26077 | D:14     | Identified the +1 robe of Panentheism {rN+ Will++ Slay-3
                  | Archmagi}
 26513 | D:14     | Found a gate to the Vaults.
 26639 | D:15     | Entered Level 15 of the Dungeon
 26729 | Orc:1    | Entered Level 1 of the Orcish Mines
 26759 | Orc:1    | Found a frozen archway.
 26794 | IceCv    | Entered an ice cave
 27893 | IceCv    | Identified the +2 sling of Evolution {venom, +Blink rElec
                  | MP-9 Dex+5} (Okawaru gifted it to you in an ice cave)
 27893 | IceCv    | Received a gift from Okawaru
 27909 | IceCv    | Identified the +3 hat of Kion {Str+2 Stlth+}
 28242 | Orc:2    | Entered Level 2 of the Orcish Mines
 28321 | Orc:2    | Reached XP level 16. HP: 121/127 MP: 21/28
 28400 | Orc:2    | Found Ifiekop's General Store.
 28408 | Orc:2    | Bought a scroll of blinking for 105 gold pieces
 28705 | Orc:2    | Found a staircase to the Elven Halls.
 28738 | Orc:2    | Found Vuisule's Jewellery Shop.
 28738 | Orc:2    | Found Yhui's Antique Armour Shoppe.
 28740 | Orc:2    | Found Oshuefou's General Store.
 28742 | Orc:2    | Found Liclij's General Store.
 28754 | Orc:2    | Bought a scroll of poison for 68 gold pieces
 29026 | Orc:2    | Bought a scroll of enchant weapon for 105 gold pieces
 29671 | D:15     | Found a staircase to the Depths.
 29765 | D:15     | Received a gift from Okawaru
 30375 | Shoals:1 | Entered Level 1 of the Shoals
 30896 | Shoals:1 | Noticed Nikola
 30911 | Shoals:1 | Killed Nikola
 30912 | Shoals:1 | Reached skill level 10 in Spellcasting
 31078 | Shoals:1 | Identified Roxanne's Dissertation on Transmigration
 31078 | Shoals:1 | Noticed Roxanne
 31117 | Shoals:1 | Noticed Louise
 31138 | Shoals:1 | Killed Louise
 31230 | Shoals:1 | Found Cotwa's General Store.
 31235 | Shoals:1 | Found Marosa's Armour Shop.
 31750 | Shoals:2 | Received a gift from Okawaru
 31959 | Shoals:2 | Noticed Donald
 31974 | Shoals:2 | Killed Donald
 31975 | Shoals:2 | Reached skill level 15 in Ranged Weapons
 32037 | Shoals:2 | Received a gift from Okawaru
 32287 | Shoals:2 | Found Emenkamo's Antique Armour Shoppe.
 32430 | Shoals:2 | Noticed Polyphemus
 32437 | Shoals:2 | Killed Polyphemus
 32458 | Shoals:2 | Identified the +8 arbalest of the Damp God {venom, rC+}
                  | (Okawaru gifted it to you on level 2 of the Shoals)
 32458 | Shoals:2 | Received a gift from Okawaru
 32872 | Shoals:3 | Reached XP level 17. HP: 120/133 MP: 23/31
 33360 | Shoals:3 | Identified the +6 chain mail of Proximity {Str-2 Dex+4}
 33743 | Spider:1 | Entered Level 1 of the Spider Nest
 33807 | Spider:1 | Identified the +0 helmet of Courage {Harm rF+} (Okawaru
                  | gifted it to you on level 1 of the Spider Nest)
 33807 | Spider:1 | Received a gift from Okawaru
 35680 | Arena    | Entered the Arena
 36358 | Spider:2 | Identified the +6 spear of Honesty {flame, rElec rC+}
 36713 | Spider:3 | Noticed Asterion
 36729 | Spider:3 | Killed Asterion
 37376 | Spider:4 | Entered Level 4 of the Spider Nest
 37705 | Spider:4 | Reached XP level 18. HP: 140/140 MP: 17/32
 37766 | Spider:4 | Received a gift from Okawaru
 37897 | Spider:4 | Noticed Arachne
 37941 | Arena    | Entered the Arena
 38310 | Spider:4 | Identified the +2 quarterstaff "Gulefad" {drain, rC+ rCorr
                  | Int+6}
 38711 | Spider:4 | Reached skill level 13 in Fighting
 39213 | Spider:4 | Got a gossamer rune of Zot
 39314 | Spider:4 | Killed Arachne
 39819 | Shoals:4 | Entered Level 4 of the Shoals
 40408 | Shoals:4 | Found Jaumuir's Firing Range.
 40478 | Shoals:4 | Bought a throwing net for 54 gold pieces
 40478 | Shoals:4 | Bought a throwing net for 54 gold pieces
 40721 | Shoals:4 | Received a gift from Okawaru
 40729 | Shoals:4 | Reached skill level 15 in Dodging
 41045 | Shoals:4 | Reached skill level 14 in Fighting
 41070 | Shoals:4 | Got a barnacled rune of Zot
 41127 | Shoals:4 | Reached XP level 19. HP: 135/152 MP: 33/33
 41926 | Orc:2    | Bought a pair of runed boots for 255 gold pieces
 41936 | Orc:2    | Bought a jewelled ring mail for 306 gold pieces
 41936 | Orc:2    | Identified the +1 ring mail "Covak" {Str-4 Dex-5 Slay+6
                  | Stlth+} (You bought it in a shop on level 2 of the Orcish
                  | Mines)
 41968 | Elf:1    | Entered Level 1 of the Elven Halls
 42252 | Elf:1    | Identified the +9 longbow of Cacukloj {flame, Contam Int+2
                  | Dex+4} (Okawaru gifted it to you on level 1 of the Elven
                  | Halls)
 42252 | Elf:1    | Received a gift from Okawaru
 42993 | Elf:2    | Found Xusuwexo's Magic Scroll Boutique.
 42998 | Elf:2    | Bought a scroll of teleportation for 60 gold pieces
 42998 | Elf:2    | Bought 3 scrolls of enchant armour for 450 gold pieces
 43142 | Elf:2    | Found a runed translucent gate.
 43142 | Elf:2    | Found a runed translucent gate.
 43143 | Elf:2    | Found a runed translucent gate.
 43231 | Elf:2    | Found a magical portal.
 43240 | WizLab   | Entered Alistair's Party Mansion
 43311 | WizLab   | Received a gift from Okawaru
 43522 | WizLab   | Received a gift from Okawaru
 43545 | Arena    | Entered the Arena
 43889 | Arena    | Entered the Arena
 44801 | Elf:2    | Reached skill level 15 in Fighting
 44924 | Elf:2    | Noticed Jorgrun
 44934 | Elf:2    | Killed Jorgrun
 45292 | Elf:2    | Acquired 961 gold pieces
 45485 | Vaults:1 | Entered Level 1 of the Vaults
 45507 | Arena    | Entered the Arena
 45531 | Vaults:1 | Received a gift from Okawaru
 45532 | Vaults:1 | Reached skill level 5 in Stealth
 45555 | Vaults:1 | Reached XP level 20. HP: 141/162 MP: 27/34
 45841 | Vaults:1 | Received a gift from Okawaru
 46022 | Arena    | Entered the Arena
 46974 | Vaults:1 | Identified the +1 leather armour of Happiness {rN+}
 47012 | Vaults:1 | Identified the +5 flail "Upopy" {elec, rElec Will++ Dex-5
                  | Stlth-}
 47032 | Vaults:1 | Identified the ring "Puamovub" {rPois Will+ Dex+4}
 47402 | Vaults:1 | Received a gift from Okawaru
 47655 | Vaults:1 | Reached skill level 16 in Fighting
 48094 | Vaults:2 | Reached skill level 1 in Armour
 49111 | Vaults:2 | Found a staircase to the Crypt.
 49876 | Vaults:2 | Reached skill level 5 in Armour
 49879 | Vaults:2 | Found Venyech's Assorted Antiques.
 49884 | Vaults:2 | Bought a warped silver ring for 230 gold pieces
 49884 | Vaults:2 | Identified the ring of Yendor {Wiz rF- Will+ Dex+6} (You
                  | bought it in a shop on level 2 of the Vaults)
 50245 | Vaults:2 | Reached XP level 21. HP: 171/171 MP: 33/35
 50771 | Vaults:2 | Received a gift from Okawaru
 51701 | Vaults:3 | Found Sigoud's Book Emporium.
 51709 | Vaults:3 | Bought a book of Misfortune for 756 gold pieces
 51715 | Vaults:3 | Learned a level 5 spell: Yara's Violent Unravelling
 51721 | Vaults:3 | Learned a level 5 spell: Borgnjor's Vile Clutch
 52047 | Vaults:3 | Reached skill level 1 in Necromancy
 52240 | Vaults:3 | Reached skill level 1 in Earth Magic
 52596 | Vaults:4 | Found Zejoon's Armour Emporium.
 52721 | Vaults:4 | Found Yryaloc's Antique Weapon Shop.
 52909 | Vaults:4 | Found Osopras's Distillery.
 52915 | Vaults:4 | Found Jaeckem's Antique Armour Shoppe.
 52924 | Vaults:4 | Bought a distressingly furry ring mail for 450 gold pieces
 52924 | Vaults:4 | Identified the +4 ring mail "Okac" {Rampage rF++} (You
                  | bought it in a shop on level 4 of the Vaults)
 53074 | Vaults:4 | Noticed Margery
 53089 | Vaults:4 | Killed Margery
 53105 | Vaults:4 | Received a gift from Okawaru
 53307 | Vaults:4 | Noticed Mara
 53317 | Vaults:4 | Killed Mara
 53352 | Vaults:4 | Reached skill level 10 in Armour
 53589 | Vaults:4 | Identified the +2 triple crossbow of the Endless Expanse
                  | {vorpal, rElec} (Okawaru gifted it to you on level 4 of the
                  | Vaults)
 53589 | Vaults:4 | Received a gift from Okawaru
 53642 | Vaults:4 | Noticed Frederick
 53654 | Vaults:4 | Killed Frederick
 54168 | Vaults:4 | Identified the +7 hand axe of Foolhardiness {vorpal, Drain
                  | rElec Int-4 SInv}
 54287 | Vaults:4 | Reached skill level 5 in Necromancy
 54620 | Orc:2    | Bought an amulet of regeneration for 300 gold pieces
 54782 | Depths:1 | Entered Level 1 of the Depths
 55018 | Depths:1 | Noticed Aizul
 55184 | D:15     | Killed Aizul
 55482 | Orc:2    | Bought a scroll of blinking for 127 gold pieces
 55482 | Orc:2    | Bought a scroll of teleportation for 51 gold pieces
 55658 | Depths:1 | Found a hide-covered altar of Uskayaw.
 55756 | Depths:1 | Reached skill level 5 in Earth Magic
 56178 | Depths:1 | Found a gateway to Hell.
 56546 | Depths:2 | Reached XP level 22. HP: 178/178 MP: 36/36
 56675 | Crypt:1  | Entered Level 1 of the Crypt
 57916 | Crypt:2  | Noticed Khufu
 57985 | Crypt:2  | Noticed Mennas
 58234 | Depths:2 | Noticed a caustic shrike
 58245 | Depths:2 | Killed a caustic shrike
 58290 | Depths:2 | Found an ancient bone altar of Kikubaaqudgha.
 58291 | Depths:2 | Found a runed translucent gate.
 58291 | Depths:2 | Found a runed translucent gate.
 58292 | Depths:2 | Found a runed translucent gate.
 58292 | Depths:2 | Noticed Gucom's ghost (veteran GnFi)
 58293 | Depths:2 | Noticed an ancient lich
 58295 | Depths:2 | Noticed an ancient lich
 58397 | Depths:2 | Received a gift from Okawaru
 58427 | Depths:2 | Found a one-way gateway to a ziggurat.
 58520 | Depths:2 | Found a one-way gate leading to the halls of Pandemonium.
 58694 | Depths:2 | Found a runed translucent gate.
 58694 | Depths:2 | Found a runed translucent gate.
 58694 | Depths:2 | Found a runed translucent gate.
 58694 | Depths:2 | Noticed Nide's ghost (veteran KoEE)
 58695 | Depths:2 | Found a basalt altar of Yredelemnul.
 59403 | Depths:3 | Received a gift from Okawaru
 59704 | Depths:3 | Noticed an ancient lich
 59734 | Depths:3 | Killed an ancient lich
 59735 | Depths:3 | Reached skill level 10 in Necromancy
 59898 | Depths:3 | Noticed a caustic shrike
 59904 | Depths:3 | Killed a caustic shrike
 59914 | Depths:3 | Reached XP level 23. HP: 145/184 MP: 29/37
 60197 | Depths:3 | Found the +8 autumn katana {vorpal, manifold assault}
 60197 | Depths:3 | Found the dreamshard necklace {*Dream Drain}
 60336 | Depths:3 | Reached skill level 10 in Translocations
 60342 | Depths:3 | Received a gift from Okawaru
 61140 | Depths:3 | Learned a level 5 spell: Lee's Rapid Deconstruction
 61767 | D:6      | Killed croobank's ghost
 61860 | D:8      | Killed hawla's ghost
 61871 | D:8      | Learned a level 2 spell: Passwall
 62033 | D:14     | Noticed Deerom's ghost (journeyman DgHW)
 62049 | D:14     | Killed Deerom's ghost
 62339 | D:7      | Found a transporter.
 62633 | D:9      | Noticed Maurice
 62815 | Depths:4 | Entered Level 4 of the Depths
 62894 | Depths:4 | Reached skill level 10 in Earth Magic
 63360 | Depths:4 | Found Vollijar's Jewellery Emporium.
 63377 | Depths:4 | Found Xuhemar's Book Boutique.
 63378 | Depths:4 | Found Uguanush's Jewellery Emporium.
 63386 | Depths:4 | Bought a manual of Shields for 1680 gold pieces
 63583 | Depths:4 | Noticed a juggernaut
 63592 | Depths:4 | Killed a juggernaut
 63739 | Depths:4 | Found a gate to the Realm of Zot.
 64027 | Depths:4 | Learned a level 4 spell: Dispel Undead
 64310 | Elf:2    | Bought a scroll of fear for 80 gold pieces
 64310 | Elf:2    | Bought a scroll of fear for 80 gold pieces
 64310 | Elf:2    | Bought a scroll of torment for 190 gold pieces
 64330 | Elf:3    | Entered Level 3 of the Elven Halls
 64459 | Elf:3    | Reached skill level 10 in Shields
 65673 | Elf:3    | Identified the +0 long sword "Jibberaf" {freeze, rPois rN+
                  | Str-3 Int+4}
 65675 | Elf:3    | Identified the ring "Qoechyats" {rCorr MP+9 SInv}
 65703 | Elf:3    | Identified the ring of Benevolence {Will+ Slay+4}
 65721 | Elf:3    | Identified the ring "Qannagal" {rPois rF+ Str+4 Slay+3}
 65739 | Elf:3    | Identified the ring "Gulig" {MP+9 Str+2}
 65745 | Elf:3    | Identified the +1 pair of gloves "Cobikh" {-Cast rElec rC+}
 65751 | Elf:3    | Identified the +3 plate armour of Lugeg {Will++ Str+5
                  | Dex-4}
 65760 | Elf:3    | Learned a level 4 spell: Passage of Golubria
 65779 | Elf:3    | Identified the +2 chain mail of Ignis {-Cast Dex+6 Stlth+}
 66060 | D:9      | Killed Maurice
 66240 | Slime:1  | Entered Level 1 of the Pits of Slime
 66290 | Slime:1  | Reached XP level 24. HP: 189/191 MP: 35/39
 67804 | Slime:5  | Entered Level 5 of the Pits of Slime
 67879 | Slime:5  | Noticed the Royal Jelly
 68091 | Slime:5  | Reached skill level 17 in Fighting
 68271 | Slime:5  | Received a gift from Okawaru
 68319 | Slime:5  | Killed the Royal Jelly
 68742 | Slime:5  | Found the -2 hat of the Alchemist {rElec rPois rF+ rC+ rN+
                  | Will+ rMut rCorr}
 68913 | Slime:5  | Identified the +6 chain mail of Wu Jian's Inspiration {rN+
                  | Will+ rCorr}
 68966 | Slime:5  | Identified the ring of Wariness {Fly rPois rF+ rN+ Will+}
 68996 | Slime:5  | Got a slimy rune of Zot
 68997 | Slime:5  | Identified the ring "Vekhlurph" {rElec rC+ Int+4}
 69724 | Zot:1    | Entered Level 1 of the Realm of Zot
 69877 | Zot:1    | Noticed Grunn
 70185 | Zot:1    | Reached skill level 18 in Fighting
 70210 | Zot:1    | Killed Grunn
 70414 | Zot:1    | Noticed an orb of fire
 70433 | Zot:1    | Killed an orb of fire
 70783 | Zot:1    | Identified the +5 hand axe "Ashurip" {vorpal, rElec rPois
                  | Str-4}
 70828 | Zot:1    | Identified the +2 chain mail of the Quahog {rPois rC-
                  | Int+2}
 70965 | Zot:1    | You are sucked into a shaft and drop 1 floor!
 71359 | Zot:2    | Noticed an orb of fire
 71534 | Zot:2    | Reached XP level 25. HP: 206/206 MP: 39/39
 71736 | Zot:2    | Killed an orb of fire
 71737 | Zot:2    | Reached skill level 19 in Fighting
 72375 | Depths:2 | Killed an ancient lich
 72397 | Depths:2 | Killed Gucom's ghost
 72432 | Depths:2 | Killed an ancient lich
 72511 | Depths:2 | Got Kikubaaqudgha's Quarto of Evil Magic
 72514 | Depths:2 | Identified the +2 pair of boots "Lelou" {rF+ Int+6}
 72518 | Depths:2 | Identified the ring "Vasow" {rN++ Will+ Int+2}
 73681 | Zot:3    | Received a gift from Okawaru
 74020 | Depths:2 | Killed Nide's ghost
 74021 | Depths:2 | Reached skill level 20 in Fighting
 74280 | Zot:4    | Found a large runed translucent door.
 74281 | Zot:4    | Found a large runed translucent door.
 74286 | Zot:4    | Noticed Soshruimn's ghost (adept MeEE)
 74298 | Zot:4    | Killed Soshruimn's ghost
 75060 | Zot:5    | Entered Level 5 of the Realm of Zot
 75196 | Zot:5    | Received a gift from Okawaru
 75471 | Zot:5    | Noticed a dread lich
 75481 | Zot:5    | Killed a dread lich
 75615 | Zot:5    | Received a gift from Okawaru
 75753 | Zot:5    | Noticed an ancient lich
 75763 | Zot:5    | Killed an ancient lich
 75794 | Zot:5    | Noticed an orb of fire
 75803 | Zot:5    | Reached XP level 26. HP: 201/220 MP: 39/39
 75804 | Zot:5    | Noticed an orb of fire
 75809 | Zot:5    | Killed an orb of fire
 75810 | Zot:5    | Reached skill level 21 in Fighting
 76142 | Zot:5    | Noticed an ancient lich
 76151 | Zot:5    | Killed an ancient lich
 76167 | Zot:5    | Noticed an orb of fire
 76448 | Zot:5    | Killed an orb of fire
 76637 | Zot:5    | Noticed an ancient lich
 76648 | Zot:5    | Killed an ancient lich
 76739 | Zot:5    | Received a gift from Okawaru
 76749 | Zot:5    | Killed an orb of fire
 77501 | Zot:5    | Reached skill level 22 in Fighting
 77569 | Zot:5    | Received a gift from Okawaru
 77812 | Zot:5    | Got the Orb of Zot
 77911 | Zot:3    | Noticed Peptekk the pandemonium lord
 78319 | D:1      | Noticed a seraph
 78348 | D:$      | Escaped with the Orb!

Illustrated notes

Levels and vault maps discovered:
D:1:      dpeg_arrival_boxorama, layout_basic
D:2:      layout_rooms, ebering_ecumenical_altar_ruins, basic_altar,
          due_unseen_surprise
D:3:      layout_rooms, okawaru_trees_1, hangedman_abyss_or_decor_stabs
D:4:      minmay_octagon_keep, layout_rooms
D:5:      layout_basic, kennysheep_mini, lightli_sewer_entry_pipes
D:6:      cheibrodos_steamvent, layout_basic, minmay_temple_entry_hall,
          ebering_ghost_sewer_f
D:7:      gammafunk_beogh_shrine, layout_cave_pools
D:8:      layout_basic, david_lair_shrubbed, ebering_ghost_funeral_grove
D:9:      layout_stronghold, serial_ice, serial_ice_k, serial_ice_d,
          serial_ice_f, serial_ice_o, serial_ice_a, serial_ice_c, serial_ice_b,
          serial_ice_h, serial_ice_g, serial_ice_n, uniq_maurice
D:10:     layout_basic, hiddenorc2_lemuel, enter_trove_0, uniq_psyche,
          uniq_erica
D:11:     layout_irregular_city
D:12:     layout_grid_maze, serial_shops, nicolae_shop_crystal
D:13:     cheibrodos_monumental, layout_small_grid
D:14:     layout_layer_cave, david_vaults_1, muffindrake_ghost_dual_entry,
          nicolae_shop_vocational
D:15:     hangedman_depths_entry_try_elsewhere_first, layout_grid_maze
Temple:   mainiacjoe_temple_big_plus
Lair:1:   layout_layer_cave, serial_bayou_lagoon_a, serial_bayou_crossing,
          grunt_megastairs_3, uniq_gastronok
Lair:2:   gammafunk_boulding_lane, layout_gridlike, elwin_shoals_entry_rocks,
          lemuel_fruit_fields
Lair:3:   layout_regular_city, nicolae_spider_entry_tight_spaces,
          nicolae_lair_lakeside_cave, infiniplex_staircase_pool,
          serial_bayou_shore_b
Lair:4:   layout_cave_pods, gauntlet_entry_generic, nicolae_lair_grazing_beasts
          [nicolae_sub_lair_graze_edge, nicolae_sub_lair_graze_edge,
          nicolae_sub_lair_graze_edge, nicolae_sub_lair_graze_edge]
Lair:5:   hellmonk_lair_end_abyssal_woods, layout_long_grid, slime_entry_1,
          patterned_corridor, lemuel_fruit_tree
Shoals:1: argonaut_golden_fleece, layout_shoals, serial_shops,
          nicolae_shop_behind_doors, shop, uniq_louise, uniq_roxanne,
          uniq_nikola
Shoals:2: layout_shoals, serial_shops, shop, uniq_polyphemus, uniq_donald
Shoals:3: layout_shoals, nicolae_shoals_lost_giant_hut,
          nicolae_shoals_siren_and_animal_friends
Shoals:4: shoals_end_hangedman, layout_shoals, nicolae_shop_firing_range
Spider:1: layout_spider_delve
Spider:2: layout_spider_delve, nicolae_spider_eight_legs
Spider:3: layout_spider_delve, uniq_asterion
Spider:4: johnstein_spider_rune_arachne_lair, nicolae_spider_jagged_tunnels
Slime:1:  layout_caves
Slime:2:  layout_caves, cheibrodos_slime_lost_civilization_6
Slime:3:  layout_caves, special_room [special_room_jelly]
Slime:4:  layout_caves
Slime:5
Orc:1:    layout_caves, portal_ice_cave_entry_animals_and_master, mines2_david
Orc:2:    st_orc_rangers, layout_caves, serial_shops, shop,
          nicolae_orc_pool_cavern
Elf:1:    layout_gridlike, hangedman_elf_disciples
Elf:2:    nicolae_elf_blades_splatter_lattice [infiniplex_blade_entry_pillars],
          layout_gridlike, serial_shops, shop, mu_enter_wizlab_5, uniq_jorgrun
Elf:3:    minmay_elf_hall_curves, layout_geoelf_castle,
          nicolae_elf_vaults_five_recruitment_drive
Vaults:1: st_greater_box_1, nicolae_vaults_network_barrier, v_misc_24,
          vaults_dpeg_ring, vaults_room_stairs_pillars, v_misc_27,
          vaults_standard_mumra_lines, nicolae_vaults_diagonal_hallway_8,
          ontoclasm_vaults_gateway, vaults_room_fours,
          ontoclasm_vaults_ring_large, layout_vaults_maze
Vaults:2: v_misc_19, minmay_crypt_entry_simple_corners, hangedman_vaults_maws,
          vaults_mumra_minichess_inversion, vaults_room_guarded_vault,
          vaults_standard_mumra_x, nicolae_vaults_gold_heap, vaults_dpeg_cross,
          nicolae_vaults_little_squares_3, layout_vaults_big_room, serial_shops,
          nicolae_shop_hallway_plus
Vaults:3: nicolae_vaults_theta, grunt_vaults_focal, v_misc_29, v_misc_15,
          ontoclasm_vaults_decontamination, layout_vaults_omnigrid,
          serial_shops, shop
Vaults:4: vaults_room_octagon, v_pattern_3, v_rooms_6, vaults_mumra_lcd,
          v_misc_5, grunt_vaults_swirl, v_misc_16,
          nicolae_vaults_twisting_passages, v_alt_pattern_1,
          layout_vaults_omnibox, serial_shops, shop, nicolae_shop_crystal,
          nicolae_diamond_shop, shop, uniq_margery, uniq_mara, uniq_frederick
Crypt:1:  layout_misc_corridors, grunt_megastairs_2
Crypt:2:  minmay_guarded_unrand_sceptre_of_torment, layout_gridlike, uniq_khufu,
          uniq_saint_roka, uniq_bai_suzhen, uniq_josephina, uniq_mennas
Depths:1: layout_cave_pools, nicolae_uskayaw_en_pointe, grunt_metal_band,
          minmay_the_grid_square_5x5_3x3_mashed
          [minmay_the_grid_square_5x5_lines,
          minmay_the_grid_square_5x5_checkered_statues,
          minmay_the_grid_square_5x5_inverted_slash,
          minmay_the_grid_square_5x5_two_walls_a,
          minmay_the_grid_square_5x5_megaprize_hollow,
          minmay_the_grid_square_5x5_inner_v, minmay_the_grid_square_5x5_six,
          minmay_the_grid_square_5x5_three_small, minmay_the_grid_square_5x5_n],
          serial_bayou_shore_a, uniq_aizul
Depths:2: evilmike_cross, layout_gridville, enter_ziggurat_b,
          minmay_staircase_windowed_large, gammafunk_ghost_crypt, hell_entry,
          grunt_pan_entry_sceptre, nicolae_yredelemnul_ghost_church
Depths:3: hangedman_pleasuredromes, abyss_entry, hell_entry
Depths:4: evilmike_zot_entry_round, layout_cave_shapes, rand_demon_pan_entry_4,
          hangedman_decor_clover_reticule, hell_entry, minmay_shop_grove
Zot:1:    hangedman_zot_vaults_quadrants, layout_onion, bh_zot_lava_cross,
          uniq_grunn
Zot:2:    layout_gridville, zot_minivault_3
Zot:3:    layout_onion_interference, grunt_ministairs_10,
          kennysheep_underground_church
Zot:4:    layout_misc_corridors, ebering_ghost_disaster_area
Zot:5:    layout_misc_corridors

Skill      XL: |  1  2  3  4  5  6  7  8  9 10 11 12 13 14 15 16 17 18 19 20 21 22 23 24 25 26 |
---------------+-------------------------------------------------------------------------------+-----
Throwing       | 1 2 |  2.0
Fighting       | 4 5 7 8 10 12 14 15 16 18 20 22 | 22.0
Invocations    | 1 2 5 6 8 9 11 12 | 12.0
Ranged Weapons | 1 3 5 7 8 9 10 11 12 13 14 15 16 17 18 | 18.0
Spellcasting   | 4 5 8 10 12 | 12.0
Translocations | 3 6 7 9 10 | 10.0
Dodging        | 3 5 7 9 10 12 14 15 16 17 18 20 21 | 21.9
Shields        | 4 5 7 8 13 | 13.3
Stealth        | 5 8 |  8.0
Armour         | 7 11 12 | 12.0
Necromancy     | 6 10 12 | 12.0
Earth Magic    | 5 8 10 | 10.0
Long Blades    | |  2.4

Action                   |  1- 3 |  4- 6 |  7- 9 | 10-12 | 13-15 | 16-18 | 19-21 | 22-24 | 25-27 || total
-------------------------+-------+-------+-------+-------+-------+-------+-------+-------+-------++-------
Melee: Falchion          |    13 |       |       |       |       |       |       |       |       ||    13
       Trident           |    43 |       |       |       |       |       |       |       |       ||    43
 Fire: Sling             |    76 |   272 |   194 |       |       |       |       |       |       ||   542
       Shortbow          |       |       |   264 |   290 |       |       |       |       |       ||   554
       Longbow           |       |       |       |   303 |       |       |       |       |       ||   303
       Arbalest          |       |       |       |   114 |   335 |       |       |       |       ||   449
       Hand crossbow     |       |       |       |       |   762 |  1642 |  1592 |  2200 |   853 ||  7049
Throw: Dart              |       |     2 |     6 |       |       |       |       |       |       ||     8
       Throwing net      |       |       |       |       |       |       |       |     1 |       ||     1
 Cast: Blink             |       |       |       |     1 |     1 |     6 |     7 |    24 |     2 ||    41
       Portal Projectile |       |       |       |       |       |     5 |    27 |    16 |     5 ||    53
       Borgnjor's Vile C |       |       |       |       |       |       |       |    60 |    37 ||    97
       Passage of Golubr |       |       |       |       |       |       |       |     1 |     1 ||     2
       Lee's Rapid Decon |       |       |       |       |       |       |       |     1 |       ||     1
       Dispel Undead     |       |       |       |       |       |       |       |       |     5 ||     5
Invok: Heroism           |       |     6 |     5 |    21 |    30 |    55 |    71 |    73 |    48 ||   309
       Finesse           |       |       |     1 |    10 |    24 |    40 |    25 |    33 |    19 ||   152
       Duel              |       |       |       |       |     1 |     2 |     4 |       |       ||     7
Evoke: Wand              |       |       |     7 |    17 |     1 |     2 |     3 |       |     2 ||    32
       Condenser vane    |       |       |       |       |       |     1 |     1 |     1 |       ||     3
       Tin of tremorston |       |       |       |       |       |       |     2 |     1 |       ||     3
  Use: Scroll            |       |     7 |     2 |     9 |     9 |    10 |    17 |    23 |    10 ||    87
 Stab: Sleeping          |     2 |       |       |       |       |       |       |       |       ||     2
Armor: Robe              |    19 |       |       |    73 |    44 |    76 |    39 |       |       ||   251
       Ring mail         |    34 |    13 |       |       |       |       |    71 |   193 |    56 ||   367
       Leather armour    |       |    51 |    23 |       |       |       |       |       |       ||    74
       Steam dragon scal |       |       |    47 |     2 |       |       |       |       |       ||    49
Dodge: Dodged            |   112 |   105 |   138 |   291 |   272 |   637 |   625 |  1049 |   381 ||  3610
       Repelled          |       |       |       |       |       |     2 |    12 |    36 |    22 ||    72
Block: Buckler           |       |       |       |       |   140 |   380 |   425 |   704 |   257 ||  1906
       Reflection        |       |       |       |       |    34 |    67 |    49 |    62 |    46 ||   258
